 Dungeon Crawl Stone Soup version 0.29.1-12-g30fa7ad0bf (webtiles) character file.

Game seed: 15270098685124462419

63 Gabide the Trooper (level 3, 0/31 HPs)
             Began as a Demigod Fighter on Jan 9, 2023.
             Killed from afar by Blork the orc (6 damage)
             ... with a puff of flame
             ... on level 4 of the Dungeon.
             The game lasted 00:02:38 (828 turns).

Gabide the Trooper (Demigod Fighter)                 Turns: 828, Time: 00:02:39

Health: 0/31       AC:  6    Str: 21    XL:     3   Next: 63%
Magic:  5/5        EV:  9    Int: 10    God:
Gold:   22         SH:  4    Dex: 13    Spells: 2/2 levels left

rFire   . . .      SeeInvis .   a - +0 trident
rCold   . . .      Faith    .   c - +0 buckler
rNeg    . . .      Spirit   .   b - +0 scale mail
rPois   .          Reflect  .   (no helmet)
rElec   .          Harm     .   (no cloak)
rCorr   .          Rampage  .   (no gloves)
Will    .....                   (no boots)
Stlth   ..........              (no amulet)
HPRegen 0.10/turn               (no ring)
MPRegen 0.09/turn               (no ring)

@: mighty
A: high MP 1, forlorn, divine attributes
a: no special abilities


You were on level 4 of the Dungeon.
You visited 1 branch of the dungeon, and saw 3 of its levels.

You collected 22 gold pieces.

Inventory:

Hand Weapons
 a - a +0 trident (weapon)
Armour
 b - a +0 scale mail (worn)
 c - a +0 buckler (worn)
Scrolls
 e - a scroll of magic mapping {unknown}
 j - a scroll of poison {unknown}
Potions
 f - a potion of brilliance {unknown}
 g - a potion of attraction {unknown}
 h - 2 potions of curing {unknown}
 i - 2 potions of heal wounds {unknown}


   Skills:
 * Level 3.0 Fighting
 * Level 3.0 Polearms
 * Level 3.0 Armour
 + Level 0.1 Dodging
 - Level 3.0 Shields


You had 2 spell levels left.
You didn't know any spells.
Your spell library contained the following spells:

 Spells                   Type           Power      Damage    Failure   Level
 Foxfire                  Conj/Fire      0%         2x1d4     80%         1
 Necrotise                Necr           0%         1d4       80%         1
 Conjure Flame            Conj/Fire      0%         6-21      99%         3
 Inner Flame              Hex/Fire       0%         N/A       99%         3
 Vampiric Draining        Necr           0%         2d6       99%         3
 Anguish                  Hex/Necr       0%         N/A       100%        4
 Flame Wave               Conj/Fire      0%         2d4       100%        4
 Agony                    Necr           0%         N/A       100%        5
 Enfeeble                 Hex            0%         N/A       100%        7


Dungeon Overview and Level Annotations

Branches:
Dungeon (4/15)             Temple (0/1) D:4

Annotations:
D:4 Blork the orc, Eustachio


Innate Abilities, Weirdness & Mutations

You have an increased reservoir of magic. (+10% MP)
You shall have no god before yourself.
Your divine heritage dramatically boosts your attributes as you level up.


Message History

The kobold throws a stone.
You block the stone.
The kobold throws a stone.
The stone closely misses you.
Blork the orc comes into view.
He is wielding a +0 flail.
Blork the orc shouts!
You hear a shout!
Blork the orc casts a spell at you. The puff of flame misses you.
You have nothing you can fire or use right now.
Okay, then.
Okay, then.
A kobold comes into view. It is wielding a +0 dagger.
The kobold shouts!
Blork the orc gestures at you while chanting.
The puff of flame hits you.
You feel very mighty all of a sudden.
You barely miss Blork the orc. Blork the orc hits you with a +0 flail.
Eustachio the Magnificent comes into view.
He is wielding a +0 rapier and wearing a +3 leather armour of willpower.
Blork the orc hits you with a +0 flail.
You puncture Blork the orc!
Blork the orc is heavily wounded.
Blork the orc hits you with a +0 flail.
You puncture Blork the orc!
Blork the orc is almost dead.
The orc hits you with a +0 war axe. Blork the orc casts a spell at you.
The puff of flame hits you!
* * * LOW HITPOINT WARNING * * *
You closely miss Blork the orc.
Blork the orc is almost dead.
You hear the slow hiss of an avalanche of sand nearby.
Eustachio shouts!
The orc hits you but does no damage.
Blork the orc hits you but does no damage.
Eustachio casts a spell.
Eustachio blinks!
You barely miss Blork the orc.
Blork the orc is almost dead.
The orc closely misses you.
Blork the orc gestures at you while chanting.
The puff of flame hits you.
You die...

. #+## .. ...# #.### ....#
).......# ... .....#
........####.###..§..#
.............B@oK..§§§
........####.o≈≈≈≈.≈§≈
....o...# ##K≈......§
........# #.§.♣♣♣♣♣. ..
........# #.§.♣.....≈.#
.....K..#####§§.♣._.♣.≈.##.#
#######.o.....§§....♣.≈.##.#
######..§.♣♣♣♣♣.§.##.#
##.§)...^..≈..#.#


You could see Blork the orc, an orc, a giant cockroach and 2 kobolds.

Vanquished Creatures
  3 adders
  A dart slug (D:1)
  An orc (D:4)
  2 bats (D:1)
  4 endoplasms (D:1)
  A giant cockroach (D:1)
  3 goblins (D:1)
  3 hobgoblins (D:1)
  2 quokkas (D:1)
  5 ball pythons
  2 frilled lizards (D:1)
  7 rats
34 creatures vanquished.

Notes
Turn   | Place    | Note
-------+----------+-------------------------------------------
     0 | D:1      | Gabide the Demigod Fighter began the quest for the Orb.
     0 | D:1      | Reached XP level 1. HP: 18/18 MP: 3/3
   167 | D:1      | Noticed a golden eye
   173 | D:1      | Noticed a floating eye
   173 | D:1      | Noticed a great orb of eyes
   173 | D:1      | Noticed a golden eye
   192 | D:1      | Reached XP level 2. HP: 21/25 MP: 4/4
   661 | D:2      | Reached XP level 3. HP: 31/31 MP: 5/5
   729 | D:2      | You fall into a shaft and drop 2 floors!
   764 | D:4      | Found a staircase to the Ecumenical Temple.
   817 | D:4      | Noticed Blork the orc
   824 | D:4      | Noticed Eustachio
   828 | D:4      | Killed from afar by Blork the orc

Illustrated notes

Levels and vault maps discovered:
D:1:      dpeg_arrival_three_same_balls, layout_basic,
          hellmonk_ecumenical_altar_watching_god
D:2:      minmay_alternating_diamond, layout_rooms, supply_closet_lemuel,
          minmay_misc_feat_four_crosses, minmay_split_cup_small
D:4:      layout_basic, mainiacjoe_overflow_brackets,
          minmay_temple_entry_butterflies, nicolae_ossuary_entry_ruins,
          serial_shops, shop_statue, uniq_blork_the_orc, uniq_eustachio

Skill      XL: |  1  2  3 |
---------------+----------+-----
Polearms       | 2 3 |  3.0
Fighting       | 3 |  3.0
Armour         | 3 |  3.0
Shields        | 3 |  3.0
Dodging        | |  0.1

Action                   || total
-------------------------++-------
Melee: Trident           ||   101
  Use: Potion            ||     1
Armor: Scale mail        ||    40
Dodge: Dodged            ||    37
Block: Buckler           ||    13
